 Dungeon Crawl Stone Soup version 0.23-a0-386-g9c9d49f (webtiles) character file.

149 Cryolive the Digger (level 5, -4/28 HPs)
             Began as a Gargoyle Earth Elementalist on Oct 28, 2018.
             Slain by Edmund
             ... wielding a +1 dire flail of crushing
              (7 damage)
             ... on level 4 of the Dungeon.
             The game lasted 00:05:06 (2642 turns).

Cryolive the Digger (Gargoyle Earth Elementalist)   Turns: 2642, Time: 00:05:07

Health: -4/28      AC: 15    Str: 11    XL:     5   Next: 31%
Magic:  1/10       EV: 12    Int: 17    God:
Gold:   149        SH:  0    Dex: 10    Spells: 6/10 levels left

rFire    . . .     SeeInvis .   a - +1 mace (protect)
rCold    . . .     Gourm    .   (no shield)
rNeg     + . .     Faith    .   c - +0 robe
rPois    ∞         Spirit   .   (no helmet)
rElec    +         Reflect  .   (no cloak)
rCorr    .         Harm     .   k - +1 pair of gloves
MR       .....                  (no boots)
Stlth    ++........             (no amulet)
HPRegen  0.09/turn              (no ring)
MPRegen  0.12/turn              (no ring)

@: protection aura
A: negative energy resistance 1, electricity resistance, unbreathing,
petrification resistance, rot immunity, AC +4
a: no special abilities


You were on level 4 of the Dungeon.
You were not hungry.

You visited 1 branch of the dungeon, and saw 4 of its levels.

You collected 149 gold pieces.

Inventory:

Hand Weapons
 a - a +1 mace of protection (weapon)
Missiles
 b - 149 stones (quivered)
Armour
 c - a +0 robe (worn)
 k - a +1 pair of gloves (worn)
Jewellery
 f - an uncursed ring of wizardry {unknown}
Wands
 l - a wand of enslavement (23)
Scrolls
 i - 5 scrolls of identify {unknown}
 j - a scroll of enchant armour {unknown}
 n - a scroll of remove curse {unknown}
 o - a scroll of enchant weapon {unknown}
Potions
 e - a potion of curing {unknown}
 g - 2 potions of degeneration {unknown}
 h - a potion of cancellation {unknown}
 m - a potion of brilliance {unknown}
Comestibles
 d - 8 rations


   Skills:
 - Level 1.5 Dodging
 - Level 2.1 Stealth
 + Level 3.4 Spellcasting
 + Level 2.2 Conjurations
   Level 0.7 Transmutations
 + Level 5.1 Earth Magic


You had 6 spell levels left.
You knew the following spells:

 Your Spells              Type           Power        Failure   Level  Hunger
a - Sandblast             Erth           ###...       1%          1    None
b - Stone Arrow           Conj/Erth      ###...       11%         3    ###....

Your spell library contained the following spells:

 Spells                   Type           Power        Failure   Level  Hunger
 Passwall                 Tmut/Erth      ##......     8%          2    ##.....
 Petrify                  Tmut/Erth      ##......     45%         4    ####...
 Lee's Rapid Deconstruct  Erth           ###.......   50%         5    ######.


Dungeon Overview and Level Annotations

Branches:
Dungeon (4/15)
 Temple: D:4-7

Altars:
Qazlal

Annotations:
D:4 Edmund


Innate Abilities, Weirdness & Mutations

You are resistant to torment.
Your stone body is resilient. (AC +4)
You are immune to poison.
You resist negative energy. (rN+)
You are resistant to electric shocks. (rElec)
You can survive without breathing.
You are immune to petrification.
You are immune to rotting.


Message History

b - 149 stones Edmund hits you but does no damage.
You hit Edmund but do no damage.
Edmund is severely wounded.
Edmund closely misses you.
You hit Edmund but do no damage.
Edmund is severely wounded.
Edmund hits you with a +1 dire flail of crushing.
You hit Edmund but do no damage.
Edmund is severely wounded.
Edmund barely misses you.
You hit Edmund but do no damage.
Edmund is severely wounded.
Edmund hits you but does no damage.
Edmund hits you with a +1 dire flail of crushing!
* * * LOW HITPOINT WARNING * * *
x2 You sock Edmund!
Edmund is almost dead.
Edmund hits you with a +1 dire flail of crushing!
You die...

#..##...#
.# #..#
##..# ##..#
#..###
##..#
##...###
.##..
##.....#
......
#..#####
......#
##.##
#...####..#
#@@.##.##
##....##
##...#
#####


You could see Edmund.

Vanquished Creatures
  A hound (D:4)
  A worker ant (D:4)
  4 adders
  A howler monkey skeleton (D:4)
  An ooze (D:3)
  A worm (D:3)
  2 dart slugs
  2 leopard geckos
  A ball python (D:3)
  A giant cockroach (D:4)
  3 goblins
  6 hobgoblins
  6 kobolds
  2 bats (D:1)
  6 frilled lizards
  5 rats
43 creatures vanquished.

Notes
Turn   | Place    | Note
-------+----------+-------------------------------------------
     0 | D:1      | Cryolive the Gargoyle Earth Elementalist began the quest
                  | for the Orb.
     0 | D:1      | Reached XP level 1. HP: 10/10 MP: 3/3
   308 | D:1      | Reached skill level 4 in Earth Magic
   308 | D:1      | Reached XP level 2. HP: 4/15 MP: 5/5
  1181 | D:2      | Found a stormy altar of Qazlal.
  1231 | D:2      | Reached XP level 3. HP: 14/19 MP: 7/7
  1236 | D:2      | Learned a level 3 spell: Stone Arrow
  1723 | D:3      | Reached skill level 1 in Conjurations
  1723 | D:3      | Reached XP level 4. HP: 24/24 MP: 8/8
  2366 | D:4      | Reached skill level 5 in Earth Magic
  2366 | D:4      | Reached XP level 5. HP: 13/28 MP: 9/9
  2620 | D:4      | Noticed Edmund
  2642 | D:4      | Slain by Edmund

Vault maps used:
D:1:      minmay_arrival_doors, serial_co_window_serial,
          co_window_of_opportunity_a, co_window_paths_a, co_window_corner_a,
          co_window_paths_a, co_window_cross_1, co_window_corner_b,
          co_window_corner_cb, co_window_corner_b, co_window_unsneaky_path_b,
          co_window_paths_e, glass_columns_b, glass_columns_b, glass_columns_b,
          glass_columns_a, glass_columns_c, skrybe_limestone_x, feat_on_display
D:2:      lemuel_crystal_altar, first_ration
D:4:      abandoned_shop, uniq_edmund

Skill      XL: |  1  2  3  4  5 |
---------------+----------------+-----
Earth Magic    | 4 5 |  5.1
Spellcasting   | 3 |  3.4
Conjurations   | 1 2 |  2.2
Dodging        | |  1.5
Stealth        | |  2.1
Transmutations | |  0.7

Action                   |  1- 3 |  4- 6 || total
-------------------------+-------+-------++-------
Melee: Unarmed           |    23 |       ||    23
       Mace              |    97 |    72 ||   169
 Cast: Sandblast         |       |     5 ||     5
       Stone Arrow       |       |     3 ||     3
 Stab: Sleeping          |     3 |     1 ||     4
  Eat: Chunk             |     3 |     3 ||     6
Armor: Robe              |    56 |    46 ||   102
Dodge: Dodged            |   101 |    68 ||   169

Table legend:
 A = Non-vault XP
 B = Vault XP
 C = Vault XP percentage of total XP
 D = Non-vault monster count
 E = Vault monster count
 F = Vault count percentage of total count
                 A         B        C        D         E       F
            +---------+---------+-------+---------+---------+-------
      Total |     214 |       0 |   0.0 |      43 |       0 |   0.0
            +---------+---------+-------+---------+---------+-------
        D:1 |      25 |       0 |   0.0 |      14 |       0 |   0.0
        D:2 |      49 |       0 |   0.0 |      10 |       0 |   0.0
        D:3 |      45 |       0 |   0.0 |      14 |       0 |   0.0
        D:4 |      95 |       0 |   0.0 |       5 |       0 |   0.0
            +---------+---------+-------+---------+---------+-------
